 Dungeon Crawl Stone Soup version 0.19.5 (webtiles) character file.

33881 Keye the Impaler (level 13, -9/114 HPs)
             Began as a Minotaur Gladiator on May 6, 2017.
             Was the Champion of Okawaru.
             Mangled by a dire elephant (17 damage)
             ... on level 6 of the Lair of Beasts.
             The game lasted 00:40:09 (16088 turns).

Keye the Impaler (Minotaur Gladiator)              Turns: 16088, Time: 00:40:09

Health: -9/114     AC: 19    Str: 36    XL:     13   Next: 39%
Magic:  11/12      EV: 21    Int:  7    God:    Okawaru [******]
Gold:   1923       SH:  0    Dex: 15    Spells: 0 memorised, 12 levels left

rFire  . . .     SeeInvis .     Y - +2 glaive (flame)
rCold  . . .     Gourm    .     Q - quicksilver dragon scales "Rumanuk" {MR+ Regen+ Str+4 Int+2}
rNeg   . . .     Faith    .     (shield currently unavailable)
rPois  .         Spirit   .     c - +0 hat
rElec  .         Reflect  .     h - +2 cloak
rCorr  .         Harm     .     J - +2 pair of gloves "Waffadipin" {Str+7}
MR     +....     Rnd*Rage +     (no boots)
Stlth  +.........               B - amulet of regeneration
                                R - +3 ring of evasion
                                E - +4 ring of dexterity

@: mesmerised
A: retaliatory headbutt, horns 2, berserk 1
a: Heroism, Finesse, Renounce Religion


You were on level 6 of the Lair of Beasts.
You worshipped Okawaru.
Okawaru was exalted by your worship.
You were not hungry.

You visited 3 branches of the dungeon, and saw 17 of its levels.

You collected 1923 gold pieces.

Inventory:

Hand Weapons
 M - the cursed +14 obsidian axe {chop, +Fly SInv *Curse}
   (You found it on level 4 of the Lair of Beasts)

   It inflicts extra damage upon your enemies.
   It lets you see invisible.
   It lets you fly.
   It may re-curse itself when equipped.
   It has a curse placed upon it.
 S - a +5 halberd
 Y - a +2 glaive of flaming (weapon)
Missiles
 d - 3 throwing nets (quivered)
Armour
 c - a +0 hat (worn)
 h - a +2 cloak (worn)
 i - a +0 plate armour
 o - a +1 cloak of invisibility
 J - the +2 pair of gloves "Waffadipin" (worn) {Str+7}
   (Okawaru gifted it to you on level 4 of the Lair of Beasts)

   It affects your strength (+7).
 Q - the quicksilver dragon scales "Rumanuk" (worn) {MR+ Regen+ Str+4 Int+2}
   (Okawaru gifted it to you on level 6 of the Lair of Beasts)

   It affects your strength (+4).
   It affects your intelligence (+2).
   It affects your resistance to hostile enchantments.
   It increases your rate of regeneration.
 W - a +1 ring mail of cold resistance
Jewellery
 k - an uncursed ring of ice
 y - an uncursed ring of ice
 z - a +4 amulet of reflection
 B - an amulet of regeneration (around neck)
 D - an uncursed amulet of rage
 E - a +4 ring of dexterity (left hand)
 K - an uncursed ring of ice
 R - a +3 ring of evasion (right hand)
 X - an uncursed ring of ice
Wands
 a - a wand of iceblast (9/15)
 r - a wand of disintegration (11/24)
 u - a wand of confusion (14/48)
 w - a wand of paralysis (12/24)
 P - a wand of slowing (24/48)
 T - a wand of slowing (24/48)
Scrolls
 b - a scroll of fear
 e - 3 scrolls of remove curse
 p - a scroll of silence {unknown}
 t - 4 scrolls of identify
 F - a scroll of fog
 H - 2 scrolls of teleportation
 L - a scroll of recharging
 Z - a scroll of enchant armour {unknown}
Potions
 j - 2 potions of ambrosia
 n - 2 potions of might
 s - 3 potions of haste
 v - 4 potions of flight
 x - a potion of berserk rage
 A - 6 potions of curing
 C - 5 potions of heal wounds
 I - a potion of lignification
 N - a potion of cure mutation {unknown}
 O - 4 potions of brilliance
 V - a potion of invisibility
Books
 l - a book of Conjurations

   Spells                             Type                      Level
   a - Magic Dart                     Conjuration                  1
   b - Searing Ray                    Conjuration                  2
   c - Dazzling Spray                 Conjuration/Hexes            3
   d - Fulminant Prism                Conjuration/Hexes            4
   e - Iskenderun's Mystic Blast      Conjuration                  4
   f - Iskenderun's Battlesphere      Conjuration/Charms           5
 q - a book of Changes

   Spells                             Type                      Level
   a - Beastly Appendage              Transmutation                1
   b - Sticks to Snakes               Transmutation                2
   c - Spider Form                    Transmutation/Poison         3
   d - Ice Form                       Ice/Transmutation            4
   e - Blade Hands                    Transmutation                5
Comestibles
 f - 4 bread rations
 g - 23 fruits
 m - 8 meat rations
 G - 5 beef jerkies
 U - 25 chunks of flesh


   Skills:
 + Level 10.3 Fighting
 - Level 20.0 Polearms
 - Level 2.0 Throwing
 + Level 9.9 Armour
 + Level 9.6 Dodging


You had 12 spell levels left.
You didn't know any spells.

Dungeon Overview and Level Annotations

Branches:
Dungeon (9/15)             Temple (0/1) D:6            Lair (6/6) D:8
 Shoals (0/4) Lair:2        Snake (0/4) Lair:3        Slime (0/5) Lair:6
    Orc (2/2) D:9             Elf (0/3) Orc:2

Altars:
Ashenzari
Dithmenos
Elyvilon
Fedhas
Gozag
Hepliaklqana
Kikubaaqudgha
Okawaru
Qazlal
Trog
Zin
The Shining One
Jiyva

Shops:
D:9 !   Orc:1 [   Orc:2 [

Annotations:
D:7 8 runed doors
Orc:2 Saint Roka


Innate Abilities, Weirdness & Mutations

You reflexively headbutt those who attack you in melee.
You have a pair of horns on your head.
You tend to lose your temper in combat.


Message History

The spiny frog stings you.
Your unstable footing causes you to fumble your attack.
The dire elephant completely misses you.
The dire elephant closely misses you.
The merfolk avatar chants its luring song.
The spiny frog barely misses you. You furiously retaliate!
You headbutt the spiny frog!! The komodo dragon bites you!
You hit the spiny frog but do no damage.
The spiny frog is heavily wounded.
The spiny frog barely misses you. The dire elephant tramples you!!
* * * LOW HITPOINT WARNING * * *
You hold your ground!
The dire elephant barely misses you. The komodo dragon closely misses you.
The merfolk avatar chants its luring song.
You cannot move away from the merfolk avatar!
Your unstable footing causes you to fumble your attack.
The spiny frog stings you!
* * * LOW HITPOINT WARNING * * *
The dire elephant tramples you!
You die...

#≈≈≈#...P ≈#≈≈ #≈≈P≈≈...
.. ....#####≈≈≈≈...# ..
≈≈≈≈≈≈P8#≈P≈#≈..# .##
#≈#≈≈≈≈P#≈≈#≈..# ##..
≈≈≈≈≈≈≈≈#≈≈≈≈≈≈# ...
?$%$≈Ym≈#≈≈≈≈≈÷#### #.
(≈≈?≈kFl#≈≈##..)..######
#@†≈≈##...........
#Y.≈≈≈≈..##......#
≈≈k≈≈≈†#≈≈≈≈...†.†.....
h≈≈≈≈P≈#≈≈##†.#......#.
≈≈≈≈≈≈.#≈≈≈#≈.......###
≈≈≈#####≈≈≈≈.......P# #
≈≈≈ #≈≈≈P≈.......# .8
#≈≈##≈.##.....#
#≈P##≈..#...###


You could see a dire elephant, a merfolk avatar, an elephant, a komodo dragon, a
spiny frog and a rime drake.

Vanquished Creatures
  Fannar (Lair:3)
  2 hydras
  A catoblepas (Lair:6)
  A centaur warrior (D:8)
  An orc high priest (Orc:2)
  A deep troll (Orc:2)
  A harpy (Lair:6)
  2 orc knights
  2 orc sorcerers (Orc:2)
  Maurice (D:8)
  8 elephants
  3 black mambas
  2 sirens (Lair:2)
  6 spiny frogs
  2 rime drakes
  6 komodo dragons
  3 trolls
  A merfolk (Lair:2)
  5 hornets
  2 polar bears
  Prince Ribbit (D:7)
  3 wind drakes (Lair:6)
  4 hippogriffs
  5 wyverns
  A spriggan (Lair:1)
  A vampire (D:8)
  A basilisk (Lair:4)
  23 yaks
  4 nagas (Lair:3)
  5 wargs
  10 water moccasins
  5 porcupines
  Duvessa (D:7)
  18 orc warriors
  3 black bears
  An ice beast (D:9)
  2 sky beasts
  A phantom (D:8)
  A necrophage (D:7)
  5 centaurs
  A wolf (D:9)
  12 ogres
  9 crocodiles
  12 bullfrogs
  A hornet simulacrum (D:9)
  Dowan (D:7)
  21 wights
  2 howler monkeys
  An electric eel (D:9)
  6 crimson imps
  2 quasits
  4 hounds
  A bullfrog zombie (D:7)
  6 orc priests
  3 centaur skeletons
  2 iguanas
  12 orc wizards
  5 worker ants
  A centaur simulacrum (D:9)
  2 hound skeletons
  A worker ant zombie (D:9)
  10 adders
  12 gnolls
  A hound simulacrum (D:9)
  3 shadow imps
  2 oozes
  2 adder zombies
  An adder skeleton (D:6)
  2 worms (D:2)
  2 dart slugs (D:1)
  5 leopard geckos
  68 orcs
  6 bats
  7 giant cockroaches
  14 goblins
  6 hobgoblins
  3 jackals (D:3)
  3 quokkas
  5 frilled lizards
  5 kobolds
  A leopard gecko zombie (D:7)
  A quokka skeleton (D:8)
  9 rats
  9 fungi
  7 plants
435 creatures vanquished.

Vanquished Creatures (others)
  A fungus (Lair:5)
  3 plants (Lair:6)
4 creatures vanquished.

Grand Total: 439 creatures vanquished

Notes
Turn   | Place    | Note
-------+----------+-------------------------------------------
     0 | D:1      | Keye the Minotaur Gladiator began the quest for the Orb.
     0 | D:1      | Reached XP level 1. HP: 18/18 MP: 0/0
    41 | D:1      | Reached skill level 4 in Polearms
   224 | D:1      | Reached XP level 2. HP: 21/25 MP: 1/1
   870 | D:1      | Reached skill level 5 in Polearms
   899 | D:1      | Reached XP level 3. HP: 30/30 MP: 2/2
  1749 | D:3      | Reached skill level 6 in Polearms
  1749 | D:3      | Reached XP level 4. HP: 35/37 MP: 1/3
  1761 | D:3      | Found a stormy altar of Qazlal.
  2472 | D:4      | Reached skill level 7 in Polearms
  2472 | D:4      | Reached XP level 5. HP: 35/42 MP: 4/4
  2515 | D:4      | Found a glowing silver altar of Zin.
  2641 | D:4      | Found a bloodstained altar of Trog.
  2877 | D:4      | Noticed an ogre
  2889 | D:4      | Killed an ogre
  2889 | D:4      | Reached skill level 8 in Polearms
  2889 | D:4      | Reached XP level 6. HP: 15/50 MP: 5/5
  3388 | D:5      | Entered Level 5 of the Dungeon
  3424 | D:4      | Reached skill level 9 in Polearms
  3672 | D:5      | Found a white marble altar of Elyvilon.
  3694 | D:5      | Reached XP level 7. HP: 56/56 MP: 6/6
  3824 | D:5      | Found an iron altar of Okawaru.
  3831 | D:5      | Reached skill level 10 in Polearms
  3864 | D:5      | Became a worshipper of Warmaster Okawaru
  3894 | D:5      | Found an ancient bone altar of Kikubaaqudgha.
  4259 | D:6      | Reached skill level 11 in Polearms
  4272 | D:6      | Reached * piety under Okawaru
  4289 | D:5      | Reached XP level 8. HP: 14/62 MP: 7/7
  4672 | D:6      | Found a staircase to the Ecumenical Temple.
  4683 | D:6      | Reached skill level 12 in Polearms
  5236 | D:7      | Reached skill level 1 in Armour
  5251 | D:7      | Reached ** piety under Okawaru
  5342 | D:7      | Noticed Prince Ribbit
  5362 | D:7      | Killed Prince Ribbit
  5365 | D:7      | Reached XP level 9. HP: 35/71 MP: 8/8
  5548 | D:7      | Noticed Dowan
  5553 | D:7      | Noticed Duvessa
  5558 | D:7      | Killed Dowan
  5565 | D:7      | Killed Duvessa
  5565 | D:7      | Reached skill level 13 in Polearms
  5612 | D:7      | Found a hazy altar of Hepliaklqana.
  6091 | D:7      | Reached skill level 5 in Dodging
  6108 | D:7      | Found a huge runed gate.
  6108 | D:7      | Found a huge runed gate.
  6108 | D:7      | Found a huge runed gate.
  6108 | D:7      | Found a huge runed gate.
  6109 | D:7      | Noticed a polar bear
  6118 | D:7      | Noticed a death yak
  6120 | D:7      | Noticed a polar bear
  6193 | D:7      | Reached skill level 5 in Fighting
  6280 | D:7      | Reached *** piety under Okawaru
  6779 | D:7      | Found a hazy altar of Hepliaklqana.
  6892 | D:7      | Found a huge runed gate.
  6892 | D:7      | Found a huge runed gate.
  6892 | D:7      | Found a huge runed gate.
  6893 | D:7      | Found a huge runed gate.
  7374 | D:8      | Noticed Maurice
  7388 | D:8      | Killed Maurice
  7388 | D:8      | Reached skill level 5 in Armour
  7406 | D:8      | Reached **** piety under Okawaru
  7631 | D:8      | Reached XP level 10. HP: 66/84 MP: 9/9
  7646 | D:8      | Found a staircase to the Lair.
  8152 | D:8      | Found a glowing golden altar of the Shining One.
  8153 | D:8      | Found a blossoming altar of Fedhas.
  8155 | D:8      | Found a shadowy altar of Dithmenos.
  8272 | D:9      | Found a shattered altar of Ashenzari.
  8599 | D:9      | Reached skill level 14 in Polearms
  8966 | D:9      | Reached ***** piety under Okawaru
  9062 | D:9      | Identified the Tome of Transmutation and Clay
  9109 | D:9      | Received a gift from Okawaru
  9308 | D:9      | Found Zoddy's Distillery.
  9984 | D:9      | Found an opulent altar of Gozag.
 10036 | D:9      | Found a staircase to the Orcish Mines.
 10125 | D:8      | Noticed a centaur warrior
 10133 | D:8      | Killed a centaur warrior
 10133 | D:8      | Reached XP level 11. HP: 59/95 MP: 10/10
 10211 | Lair:1   | Entered Level 1 of the Lair of Beasts
 10286 | Lair:1   | Noticed a spriggan rider
 10503 | Lair:1   | Received a gift from Okawaru
 11127 | Lair:2   | Found a staircase to the Shoals.
 11715 | Lair:3   | Reached skill level 15 in Polearms
 11730 | Lair:3   | Found a staircase to the Snake Pit.
 11822 | Lair:3   | Noticed Fannar
 11860 | Lair:3   | Killed Fannar
 11860 | Lair:3   | Reached skill level 16 in Polearms
 12386 | Lair:4   | Reached XP level 12. HP: 78/106 MP: 11/11
 12491 | Lair:4   | Noticed a four-headed hydra
 12497 | Lair:4   | Killed a one-headed hydra
 12595 | Lair:4   | Reached skill level 17 in Polearms
 12679 | Lair:4   | Received a gift from Okawaru
 12682 | Lair:4   | Got a pair of scorched gloves {god gift}
 12688 | Lair:4   | Identified the +2 pair of gloves "Waffadipin" {Str+7} (Okawaru gifted it to you on level 4 of the Lair of Beasts)
 12827 | Lair:4   | Reached ****** piety under Okawaru
 13241 | Orc:1    | Entered Level 1 of the Orcish Mines
 13248 | Orc:1    | Found Riasatt's Antique Armour Emporium.
 13357 | Orc:1    | Reached skill level 18 in Polearms
 13575 | Orc:2    | Entered Level 2 of the Orcish Mines
 13799 | Orc:2    | Found Yrhyviti's Armour Boutique.
 13812 | Orc:2    | Noticed an orc high priest
 14092 | Orc:2    | Gained mutation: You tend to lose your temper in combat. [a neqoxec]
 14096 | Orc:2    | Killed an orc high priest
 14096 | Orc:2    | Reached skill level 19 in Polearms
 14322 | Orc:2    | Found a staircase to the Elven Halls.
 14337 | Orc:2    | Noticed Saint Roka
 15291 | Lair:5   | Reached XP level 13. HP: 113/113 MP: 12/12
 15827 | Lair:6   | Entered Level 6 of the Lair of Beasts
 15827 | Lair:6   | Found a shadowy altar of Dithmenos.
 15848 | Lair:6   | Received a gift from Okawaru
 15851 | Lair:6   | Got brightly glowing quicksilver dragon scales {god gift}
 15862 | Lair:6   | Identified the quicksilver dragon scales "Rumanuk" {MR+ Regen+ Str+4 Int+2} (Okawaru gifted it to you on level 6 of the Lair of Beasts)
 15866 | Lair:6   | Found a viscous altar of Jiyva.
 15866 | Lair:6   | Found a staircase to the Slime Pits.
 15890 | Lair:6   | Reached skill level 20 in Polearms
 16024 | Lair:6   | Reached skill level 10 in Fighting
 16070 | Lair:6   | Noticed a dire elephant
 16088 | Lair:6   | Mangled by a dire elephant

Skill      XL: |  1  2  3  4  5  6  7  8  9 10 11 12 13 |
---------------+----------------------------------------+-----
Polearms       | 4 5 6 7 8 9 11 12 13 14 16 19 20 | 20.0
Armour         | 2 5 7 9 |  9.9
Fighting       | 4 6 8 9 10 | 10.3
Dodging        | 4 6 8 9 |  9.6
Throwing       | |  2.0

Action                   |  1- 3 |  4- 6 |  7- 9 | 10-12 | 13-15 || total
-------------------------+-------+-------+-------+-------+-------++-------
Melee: Trident           |    82 |       |       |       |       ||    82
       Headbutt          |     9 |    10 |    40 |   159 |    22 ||   240
       Spear             |    20 |    36 |    28 |       |       ||    84
       Glaive            |       |    68 |       |   532 |    93 ||   693
       Halberd           |       |     3 |   281 |   159 |       ||   443
Invok: Heroism           |       |       |     2 |     5 |     1 ||     8
  Use: Scroll            |       |    13 |       |    15 |       ||    28
 Stab: Sleeping          |     1 |       |       |       |       ||     1
       Distracted        |       |       |     1 |       |       ||     1
  Eat: Chunk             |     3 |     6 |     9 |    21 |     2 ||    41
       Bread ration      |       |       |     1 |       |       ||     1
       Pizza             |       |       |     1 |       |       ||     1
       Fruit             |       |       |       |     2 |       ||     2
Armor: Leather armour    |     7 |       |       |       |       ||     7
       Chain mail        |    12 |    45 |    84 |       |       ||   141
       Ring mail         |       |       |    12 |    36 |       ||    48
       Plate armour      |       |       |       |   161 |     3 ||   164
       Quicksilver drago |       |       |       |       |    30 ||    30
Dodge: Dodged            |    41 |    27 |   107 |   376 |   100 ||   651
